 Dungeon Sprint DCSS version 0.31-a0-978-g1e143483b6 (webtiles) character file.

Game seed: 8309952049384109678

7178 Conn the Destroyer (level 11, -10/74 HPs)
             Began as an Octopode Fire Elementalist on Oct 29, 2023.
             Was a High Priest of Sif Muna.
             Shot with a bolt by a yaktaur captain (42 damage)
             ... in the Dungeon (Sprint II: "The Violet Keep of Menkaure") on Oct 30, 2023.
             The game lasted 00:41:01 (3701 turns).

Conn the Destroyer (Octopode Fire Elementalist)     Turns: 3701, Time: 00:41:08

Health: -10/74     AC:  1    Str:  7    XL:     11   Next: 11%
Magic:  19/27      EV: 16    Int: 32    God:    Sif Muna [*****.]
Gold:   11         SH:  0    Dex: 12    Spells: 8/34 levels left

rFire   + + .        r - +4 whip of the Kidney {flame, rElec rPois SInv Stlth-}
rCold   . . .        (no shield)
rNeg    . . .        (helmet restricted)
rPois   +            (no amulet)
rElec   +            j - +6 ring of intelligence
rCorr   .            s - ring of fire
SInv    +            t - ring "Kuwev" {rF+ rC+ Will++ Int+3}
Will    ++...        (no ring)
Stlth   +++          (no ring)
HPRegen 0.32/turn    (no ring)
MPRegen 0.20/turn    (no ring)
                     (no ring)

%: no teleportation
@: studying Ranged Weapons
A: almost no armour, amphibious, 8 rings, camouflage 1, gelatinous body 1,
(nimble swimmer 1), tentacles
a: Renounce Religion, Channel Magic, Forget Spell, Divine Exegesis


You were in the Dungeon.
You worshipped Sif Muna.
Sif Muna was extremely pleased with you.
You visited 1 branch You collected 1440 gold pieces.
You spent 1429 gold pieces at shops.

Inventory:

Hand Weapons
 q - a +0 falchion
 r - the +4 whip of the Kidney (weapon) {flame, rElec rPois SInv Stlth-}
   (You bought it in a shop in the Dungeon)

   rElec:     It insulates you from electricity.
   rPois:     It protects you from poison SInv: It lets you see invisible.
   Stlth-:    It makes you less stealthy.
Missiles
 p - 10 poisoned darts (quivered)
Jewellery
 j - a +6 ring of intelligence (left tentacle)
 s - a ring of fire (right tentacle)
 t - the ring "Kuwev" (on tentacle) {rF+ rC+ Will++ Int+3}
   (You bought it in a shop in the Dungeon)

   [ring of protection from fire]

   Int+3:     It affects your intelligence (+3).
   rF+:       It protects you from fire.
   rC+:       It protects you from cold.
   Will++:    It greatly increases your willpower.
Scrolls
 c - a scroll of fear
 d - 2 scrolls of enchant armour
 i - a scroll of immolation
 k - a scroll of torment
 l - a scroll of revelation
Potions
 a - 5 potions of magic
 e - 2 potions of resistance
 g - 4 potions of enlightenment
 h - 2 potions of curing
 n - a potion of cancellation
 o - a potion of might
 u - a potion of lignification


   Skills:
 + Level 6.5 Fighting
 + Level 9.4 Dodging
 - Level 5.0 Stealth
 * Level 12.1 Spellcasting
 * Level 13.0 Conjurations
 + Level 6.3 Hexes
 - Level 5.0 Translocations
 + Level 9.6 Fire Magic
 * Level 10.8 Invocations


You had 8 spell levels left.
You knew the following spells:

 Your Spells              Type           Power      Damage    Failure   Level
a - Foxfire               Conj/Fire      100%       2x1d9     1%          1
b - Scorch                Fire           100%       2d9       1%          2
c - Inner Flame           Hex/Fire       82%        N/A       1%          3
d - Flame Wave            Conj/Fire      95%        2d20      1%          4
e - Passage of Golubria   Tloc           50%        N/A       3%          4
f - Blink                 Tloc           100%       N/A       1%          2
g - Call Canine Familiar  Summ           19%        N/A       8%          3
h - Leda's Liquefaction   Hex/Erth       19%        N/A       7%          4
i - Dazzling Flash        Conj/Hex       100%       N/A       1%          3

Your spell library contained the following spells:

 Spells                   Type           Power      Damage    Failure   Level
 Ensorcelled Hibernation  Hex/Ice        78%        N/A       1%          2
 Sigil of Binding         Hex            56%        N/A       1%          3
 Tukima's Dance           Hex            56%        N/A       1%          3
 Volatile Blastmotes      Fire/Tloc      100%       2d18      1%          3
 Dimensional Bullseye     Hex/Tloc       26%        N/A       2%          4
 Manifold Assault         Tloc           50%        N/A       3%          4
 Yara's Violent Unravell  Hex/Tmut       19%        3d9       19%         5
 Agony                    Necr           19%        N/A       56%         5


Dungeon Overview and Level Annotations

Branches:
Dungeon (1/1)

Altars:
Cheibriados
Dithmenos
Elyvilon
Fedhas
Gozag
Hepliaklqana
Kikubaaqudgha
Makhleb
Nemelex Xobeh
Okawaru
Qazlal
Ru
Sif Muna
Trog
Uskayaw
Vehumet
Wu Jian
Xom
Yredelemnul
Zin
The Shining One
Jiyva
Lugonu

Shops:
D ![:((=[!((*=?=:

Annotations:
D exclusion: oklob plant, Kirke, Sonja


Innate Abilities, Weirdness & Mutations

You cannot wear most types of armour.
You are amphibious.
You can wear up to eight rings at the same time.
Your skin changes colour to match your surroundings (Stealth+).
Your rubbery body absorbs attacks. (AC +1, EV +1)
((You are camouflaged when in or above water. (Stealth+)))
You have tentacles for arms and can constrict up to eight enemies at once.


Message History

Unknown command.
Okay, then.
As you read the scroll of fear, it crumbles to dust.
You assume a fearsome visage.
The centaur warrior looks frightened!
The kobold demonologist looks frightened!
The yaktaur captain resists with almost no effort.
A black bear comes into view.
The yaktaur captain shoots a bolt.
The bolt hits you!!
You hear a shout!
Casting: Call Canine Familiar (dangerous; 8% risk of failure)
Confirm with . or Enter, or press ? or * to list all spells.
You feel a surge of power!
You conjure some foxfire!
The lava snake hisses angrily.
You can't go up here!
Press: ? - help, v - describe, . - travel The floor, spattered with blood.
Unknown command.
Casting: Foxfire (safe; 1% risk of failure)
Confirm with . or Enter, or press ? or * to list all spells.
Aiming: Inner Flame (safe; 1% risk of failure)
Press: ? - help, Dir - move target, f - black bear
Aim: a black bear (chance to affect: 98%)
You feel a surge of power!
The black bear is filled with an inner flame.
The foxfire hits Kirke.
Kirke is lightly wounded.
Casting: Inner Flame (safe; 1% risk of failure)
Confirm with . or Enter, or press ? or * to list all spells.
You feel a surge of power!
You conjure some foxfire!
A black bear comes into view.
Casting: Foxfire (safe; 1% risk of failure)
Confirm with . or Enter, or press ? or * to list all spells.
Casting: Dazzling Flash (safe; 1% risk of failure)
Press: ? - help, Dir - look around, f - activate The foxfire hits the yaktaur captain but does no damage.
The foxfire hits the yaktaur captain.
The yaktaur captain is lightly wounded.
The yaktaur captain shoots a bolt.
The bolt hits you!!!
Ouch! That really hurt!
You die...

####+#### ##≈≈§§≈≈§##
###§≈§§○§≈°≈## # '≈≈≈≈≈≈≈≈≈≈§#
.h####≈°≈§≈☼§§≈# ch@~##○○≈○≈≈≈#
############~~#+++#+++##
###########~~~c.@v.....# ..
##........#~~~~.##'##..# #.
##....⌠...#~~~~##...##.#### +.##
##...∩.∩..#~~~~#.##..#....# ...
##..∩.∩.∩.#~~####.######..## #..
##.∩.∩.∩.∩#~##.###'###.##..# +^.
##∩.∩...∩.#~#...##.##...#..# #^.
##.∩......'~'.##+.<.'##.+.§####..
##∩.......#~###.##.##...#.§.§###.


You could see Kirke, a yaktaur captain (ally target), a centaur warrior and 2
black bears.

Vanquished Creatures
  A kraken (D)
  A death drake (D)
  2 deep trolls (D)
  A merfolk siren (D)
  A yaktaur (D)
  3 polar bears (D)
  A hornet (D)
  12 flying skulls (D)
  A vampire mosquito (D)
  3 neqoxecs (D)
  4 water moccasins (D)
  2 swamp drakes (D)
  4 necrophages (D)
  3 worms (D)
  8 tentacles (D)
47 creatures vanquished.

Vanquished Creatures (others)
  A neqoxec (D)
  Menkaure (D)
  165 foxfires (D)
  163 tentacles (D)
330 creatures vanquished.

Grand Total: 377 creatures vanquished

Notes
Turn   | Place    | Note
-------+----------+-------------------------------------------
     0 | D        | Conn the Octopode Fire Elementalist began the quest for the
                  | Orb.
     0 | D        | Reached XP level 1. HP: 11/11 MP: 3/3
     4 | D        | Noticed a neqoxec
    11 | D        | Killed a neqoxec
    12 | D        | Reached skill level 5 in Stealth
    12 | D        | Reached skill level 5 in Spellcasting
    12 | D        | Reached skill level 5 in Conjurations
    12 | D        | Reached XP level 2. HP: 17/17 MP: 4/8
    12 | D        | Reached XP level 3. HP: 21/21 MP: 4/9
    12 | D        | Reached XP level 4. HP: 27/27 MP: 4/11
    12 | D        | Reached XP level 5. HP: 31/31 MP: 4/12
    12 | D        | Noticed a neqoxec
    18 | D        | Killed a neqoxec
    19 | D        | Reached skill level 5 in Dodging
    19 | D        | Reached skill level 7 in Conjurations
    19 | D        | Reached skill level 5 in Fire Magic
    19 | D        | Reached XP level 6. HP: 36/36 MP: 4/15
    26 | D        | Learned a level 2 spell: Scorch
    30 | D        | Learned a level 3 spell: Inner Flame
    35 | D        | Learned a level 4 spell: Flame Wave
    58 | D        | Noticed a merfolk siren
    83 | D        | Reached skill level 8 in Conjurations
    89 | D        | Reached XP level 7. HP: 15/41 MP: 7/18
   107 | D        | Found a glowing silver altar of Zin.
   108 | D        | Found a glowing golden altar of the Shining One.
   108 | D        | Found a basalt altar of Yredelemnul.
   108 | D        | Found a hide-covered altar of Uskayaw.
   108 | D        | Found a radiant altar of Vehumet.
   109 | D        | Found a shimmering altar of Xom.
   109 | D        | Found a bloodstained altar of Trog.
   109 | D        | Found a burning altar of Makhleb.
   110 | D        | Found an ornate altar of the Wu Jian Council.
   110 | D        | Found a shimmering blue altar of Sif Muna.
   110 | D        | Found a corrupted altar of Lugonu.
   111 | D        | Found a sacrificial altar of Ru.
   111 | D        | Found an ancient bone altar of Kikubaaqudgha.
   111 | D        | Found a white marble altar of Elyvilon.
   112 | D        | Found a stormy altar of Qazlal.
   112 | D        | Found a viscous altar of Jiyva.
   112 | D        | Found a shadowy altar of Dithmenos.
   113 | D        | Found a hazy altar of Hepliaklqana.
   113 | D        | Found a snail-covered altar of Cheibriados.
   116 | D        | Found a sparkling altar of Nemelex Xobeh.
   116 | D        | Found a blossoming altar of Fedhas.
   117 | D        | Found an opulent altar of Gozag.
   117 | D        | Found an iron altar of Okawaru.
   120 | D        | Became a worshipper of Sif Muna the Loreminder
   122 | D        | Killed a neqoxec
   132 | D        | Noticed a kraken
   149 | D        | Reached skill level 9 in Conjurations
   149 | D        | Reached * piety under Sif Muna
   153 | D        | HP: 2/41 [poisoned by a water moccasin]
   210 | D        | Killed Menkaure
   294 | D        | Learned a level 4 spell: Passage of Golubria
   308 | D        | Noticed a flying skull
   310 | D        | Noticed a flying skull
   310 | D        | Noticed a flying skull
   310 | D        | Noticed a flying skull
   311 | D        | Noticed a flying skull
   311 | D        | Noticed a flying skull
   320 | D        | Noticed a flying skull
   321 | D        | Noticed a flying skull
   321 | D        | Noticed a flying skull
   322 | D        | Noticed a flying skull
   323 | D        | Noticed a flying skull
   323 | D        | Noticed a flying skull
   323 | D        | Noticed a flying skull
   323 | D        | Noticed a flying skull
   338 | D        | Noticed a deep troll
   338 | D        | Noticed a deep troll
   354 | D        | Killed a deep troll
   355 | D        | Reached skill level 10 in Conjurations
   355 | D        | Reached skill level 5 in Invocations
   355 | D        | Reached XP level 8. HP: 50/50 MP: 0/21
   467 | D        | Killed a deep troll
   468 | D        | Reached XP level 9. HP: 56/56 MP: 0/22
   586 | D        | Upgraded the game from 0.31-a0-977-gc230f8ef24 to
                  | 0.31-a0-978-g1e143483b6
   611 | D        | Reached ** piety under Sif Muna
   613 | D        | Noticed a polar bear
   616 | D        | Noticed a hornet
   648 | D        | Killed a merfolk siren
   649 | D        | Reached skill level 10 in Spellcasting
   649 | D        | Reached skill level 11 in Conjurations
   655 | D        | Killed a polar bear
   783 | D        | Noticed a yaktaur
   796 | D        | Killed a yaktaur
   796 | D        | Reached *** piety under Sif Muna
   808 | D        | Killed a hornet
   863 | D        | Noticed a polar bear
   863 | D        | Noticed a polar bear
   887 | D        | Killed a polar bear
   892 | D        | Killed a polar bear
   893 | D        | Reached XP level 10. HP: 46/65 MP: 10/24
   980 | D        | Noticed an obsidian statue
  1024 | D        | Found Worynor's Jewellery Shoppe.
  1024 | D        | Found Widi's Book Shoppe.
  1024 | D        | Found Ahawoxol's Jewellery Emporium.
  1024 | D        | Found Netoimn's Magic Scroll Emporium.
  1024 | D        | Found Feroleif's Antique Weapon Shoppe.
  1024 | D        | Found Weaph's General Store.
  1025 | D        | Found Udofaho's Antique Weapon Shoppe.
  1025 | D        | Found Zoabup's Distillery.
  1026 | D        | Found Zeuppova's Antique Armour Shoppe.
  1026 | D        | Found Moafugir's Jewellery Emporium.
  1036 | D        | Reached **** piety under Sif Muna
  1059 | D        | Found Hiut's Antique Weapon Shoppe.
  1059 | D        | Found Koba's Antique Weapon Emporium.
  1059 | D        | Noticed an oklob plant
  1060 | D        | Found Qecsell's Antique Armour Shoppe.
  1060 | D        | Found Demnesm's Distillery.
  1060 | D        | Found Makhlit's Book Shoppe.
  1070 | D        | Noticed a great orb of eyes
  1070 | D        | Noticed an iron elemental
  1078 | D        | Bought a shimmering whip for 165 gold pieces
  1078 | D        | Identified the +4 whip of the Kidney {flame, rElec rPois
                  | SInv Stlth-} (You bought it in a shop in the Dungeon)
  1084 | D        | Bought a ring of fire for 325 gold pieces
  1090 | D        | Bought an Inescapable Atlas for 192 gold pieces
  1093 | D        | Learned a level 2 spell: Blink
  1095 | D        | Bought the ring "Kuwev" {rF+ rC+ Will++ Int+3} for 711 gold
                  | pieces
  1114 | D        | Bought a potion of lignification for 36 gold pieces
  1162 | D        | Noticed Kirke
  1162 | D        | Noticed a kobold demonologist
  1162 | D        | Noticed a yaktaur captain
  1183 | D        | Noticed a death drake
  1199 | D        | Killed a death drake
  1200 | D        | Reached skill level 5 in Fighting
  1333 | D        | Noticed a crystal guardian
  1396 | D        | HP: 1/66 [tentacle[a kraken] (26)]
  2078 | D        | Reached skill level 12 in Conjurations
  2078 | D        | Reached skill level 5 in Hexes
  2078 | D        | Reached skill level 5 in Translocations
  2081 | D        | Reached ***** piety under Sif Muna
  2081 | D        | Received a gift from Sif Muna
  2265 | D        | Reached skill level 10 in Invocations
  2403 | D        | Learned a level 3 spell: Call Canine Familiar
  2408 | D        | Learned a level 4 spell: Leda's Liquefaction
  3071 | D        | Killed a kraken
  3071 | D        | Identified the "Bawnae" (Sif Muna gifted it to you in the
                  | Dungeon)
  3071 | D        | Received a gift from Sif Muna
  3072 | D        | Reached skill level 13 in Conjurations
  3072 | D        | Reached XP level 11. HP: 51/74 MP: 2/27
  3205 | D        | Noticed a glowing orange brain
  3205 | D        | Noticed a purple draconian shifter
  3205 | D        | Noticed a hellephant
  3205 | D        | Noticed Sonja
  3454 | D        | HP: 2/74 [something/blast of flame (36)]
  3687 | D        | Learned a level 3 spell: Dazzling Flash
  3695 | D        | Noticed a centaur warrior
  3701 | D        | Shot with a bolt by a yaktaur captain

Illustrated notes

Levels and vault maps discovered:
D:        the_violet_keep_of_menkaure [sprint2_stairs_cluster_1,
          sprint2_shoproom, sprint2_temple, sprint2_basic_supplies,
          sprint2_obstacle_3, sprint2_obstacle_1, sprint2_obstacle_5,
          sprint2_obstacle_4, sprint2_obstacle_2, sprint2_timed_cluster_1,
          sprint2_smallroom_cluster_1, sprint2_smallroom_final_cluster_1,
          sprint2_transparent_cluster_1, sprint2_second_timed_cluster_1,
          sprint2_sniper_area_1, sprint2_heavy_combat_area_1,
          sprint2_mutation_trap_area_1, sprint2_forest_area_1,
          sprint2_light_combat_area_1, sprint2_behind_water_1,
          sprint2_near_end_vault_1]

Skill      XL: |  1  2  3  4  5  6  7  8  9 10 |
---------------+-------------------------------+-----
Dodging        | 4 5 6 7 8 9 |  9.4
Stealth        | 5 |  5.0
Spellcasting   | 5 6 7 9 10 12 | 12.1
Conjurations   | 5 7 8 10 11 13 | 13.0
Fire Magic     | 4 5 6 7 8 9 |  9.6
Invocations    | 5 6 8 10 | 10.8
Fighting       | 2 3 4 6 |  6.5
Hexes          | 2 3 4 6 |  6.3
Translocations | 2 3 4 5 |  5.0

Action                     |  1- 3 |  4- 6 |  7- 9 | 10-12 || total
---------------------------+-------+-------+-------+-------++-------
  Melee: Unarmed           |     4 |    20 |       |       ||    24
         Tentacles         |     2 |    10 |     1 |     1 ||    14
         Constrict         |     1 |     4 |       |       ||     5
         Falchion          |       |       |     2 |       ||     2
         Whip              |       |       |       |     2 ||     2
  Throw: Dart              |       |       |       |    12 ||    12
   Cast: Scorch            |       |     3 |    27 |    40 ||    70
         Flame Wave        |       |     3 |     2 |     7 ||    12
         Foxfire           |       |     1 |    31 |    76 ||   108
         Inner Flame       |       |       |     2 |    29 ||    31
         Call Canine Famil |       |       |       |    22 ||    22
         Blink             |       |       |       |     7 ||     7
         Leda's Liquefacti |       |       |       |     2 ||     2
         Dazzling Flash    |       |       |       |     1 ||     1
 Invoke: Channel Magic     |       |       |       |     1 ||     1
    Use: Potion            |     2 |     3 |     1 |     4 ||    10
         Scroll            |       |       |       |     9 ||     9
 Armour: Skin              |     1 |    12 |    11 |    46 ||    70
  Dodge: Dodged            |       |     9 |    15 |    30 ||    54

Table legend: (Time is in decaauts)
 A = Elapsed time spent in this place.
 B = Non-inter-level travel time spent in this place.
 C = Inter-level travel time spent in this place.
 D = Time resting spent in this place.
 E = Time spent auto-exploring this place.
 F = Levels seen in this place.
 G = Mean time per level.
                   A        B        C        D        E       F      G
               +--------+--------+--------+--------+--------+-----+--------+
         Total |   3701 |   3701 |      0 |   1924 |    132 |   1 | 3701.0 |
       Dungeon |   3701 |   3701 |      0 |   1924 |    132 |   1 | 3701.0 |
               +--------+--------+--------+--------+--------+-----+--------+

Top non-repeatable levels by time:
       D: 3701 daAuts
